 Dungeon Crawl Stone Soup version 0.31.0-4-g52a2dc7128 (webtiles) character file.

Game seed: 12709231488916261356

95 Crownlay the Trooper (level 4, 0/38 HPs)
             Began as a Djinni Monk on Jan 22, 2024.
             Slain by a gnoll
             ... wielding a +0 club
              (2 damage)
             ... on level 2 of the Dungeon.
             The game lasted 00:02:02 (1878 turns).

Crownlay the Trooper (Djinni Monk)                  Turns: 1878, Time: 00:02:02

Health: 0/38       AC:  2    Str: 10    XL:     4   Next: 95%
Gold:   62         EV: 13    Int: 14    God:
                   SH:  0    Dex: 15

rFire   + + .        a - +0 short sword
rCold   x . .        d - orb {light}
rNeg    . . .        b - +0 robe
rPois   ∞            (no helmet)
rElec   .            (no cloak)
rCorr   .            (no gloves)
SInv    .            (boots unavailable)
Will    .....        (no amulet)
Stlth   +            (no ring)
HPRegen 0.26/turn    (no ring)
MPRegen 0.00/turn

%: infuse magic (-1 HP)
@: flying, glowing
A: sickness immunity, fire resistance 2, cold vulnerability 1, float, innate
caster, HP casting, extra vitality 1
a: no special abilities


You were on level 2 of the Dungeon.
You visited 1 branch of the dungeon, and saw 2 of its levels.

You collected 62 gold pieces.

Inventory:

Hand Weapons
 a - a +0 short sword (weapon)
Armour
 b - a +0 robe (worn)
 d - an orb of light (worn)
Jewellery
 f - a ring of protection from cold
Scrolls
 e - a scroll of vulnerability {unknown}
 i - a scroll of fog {unknown}
Potions
 c - a potion of ambrosia
 g - a potion of degeneration {unknown}
 h - a potion of heal wounds {unknown}
 j - 2 potions of might {unknown}
 k - a potion of enlightenment {unknown}
 l - a potion of lignification {unknown}


   Skills:
 * Level 4.6 Fighting
 - Level 2.6 Short Blades
 - Level 3.2 Dodging
 + Level 1.6 Spellcasting
 + Level 1.6 Conjurations
 + Level 1.6 Hexes
   Level 0.0 Charms
 + Level 1.6 Summonings
 + Level 1.6 Necromancy
 + Level 1.6 Translocations
   Level 0.0 Transmutations
 + Level 1.6 Fire Magic
 + Level 1.6 Ice Magic
 + Level 1.6 Air Magic
 + Level 1.6 Earth Magic
 + Level 1.6 Alchemy


You knew the following spells:

 Your Spells              Type           Power      Damage    Failure   Level
a - Sting                 Conj/Alch      20%        1d4       13%         1
Your spell library was empty.

Dungeon Overview and Level Annotations

Branches:
Dungeon (2/15)

Altars:


Innate Abilities, Weirdness & Mutations

You are immune to sickness and miasma.
You are immune to poison.
Your flesh is very heat resistant. (rF++)
You are vulnerable to cold. (rC-)
You float through the air rather than walking.
You learn spells naturally, not from books.
Your magical power is your life essence.
You have superior vitality. (+4 MHP)


Message History

The gnoll hits you with a +0 spear of pain.
You writhe in agony.
The sting hits the gnoll.
The gnoll looks even sicker.
The gnoll is moderately wounded.
The gnoll hits you with a +0 spear of pain.
The sting hits the gnoll.
The gnoll looks as sick as possible!
The gnoll is almost dead.
You kill the gnoll!
You hit the gnoll.
The gnoll is moderately wounded.
You hit the gnoll.
The gnoll is moderately wounded.
The gnoll hits you with a +0 club!
You are too injured to fight recklessly!
You are too injured to fight recklessly!
You are too injured to fight recklessly!
You are too injured to fight recklessly!
You are too injured to fight recklessly!
Casting: Sting (safe; 13% risk of failure)
Confirm with . or Enter, or press ? or * to list all spells.
Aiming: Sting (safe; 13% risk of failure)
Press: ? - help, Shift-Dir - straight line, f - gnoll
Aim: a gnoll, wielding a +0 club (moderately wounded, haloed, 82% to hit)
The sting hits the gnoll.
The gnoll is poisoned.
The gnoll is heavily wounded.
* * * LOW HITPOINT WARNING * * *
The gnoll hits you with a +0 club.
* * * LOW HITPOINT WARNING * * *
You are too injured to fight recklessly!
You hit the gnoll.
The gnoll is severely wounded.
The gnoll hits you with a +0 club.
* * * LOW HITPOINT WARNING * * *
You hit the gnoll but do no damage.
The gnoll is severely wounded.
The gnoll barely misses you.
You barely miss the gnoll.
The gnoll is almost dead.
The gnoll hits you with a +0 club.
You die...

....###.#..##......#
###.##.....##......#
#.##..#.###.######
#.##........#
#.......#####
####.#### ## ### #.#
#.# #S. #.# #.#g#
#.#########@#
#.†.........#
############# #####
....# ###.# #.#


You could see a gnoll (poisoned) and a ball python.

Vanquished Creatures
  Terence (D:1)
  A gnoll (D:2)
  An adder (D:2)
  A ribbon worm (D:2)
  A dart slug (D:1)
  2 endoplasms
  4 giant cockroaches (D:1)
  5 goblins
  4 hobgoblins
  3 quokkas
  4 ball pythons
  6 bats
  2 frilled lizards
  4 kobolds (D:1)
  5 rats
44 creatures vanquished.

Notes
Turn   | Place    | Note
-------+----------+-------------------------------------------
     0 | D:1      | Crownlay the Djinni Monk began the quest for the Orb.
     0 | D:1      | Reached XP level 1. HP: 20/20 MP: 0/0
   111 | D:1      | Reached XP level 2. HP: 25/25 MP: 0/0
   556 | D:1      | Reached XP level 3. HP: 22/30 MP: 0/0
   556 | D:1      | Learned a level 1 spell: Sting
   681 | D:1      | Reached skill level 1 in Spellcasting
   681 | D:1      | Reached skill level 1 in Conjurations
   681 | D:1      | Reached skill level 1 in Hexes
   681 | D:1      | Reached skill level 1 in Summonings
   681 | D:1      | Reached skill level 1 in Necromancy
   681 | D:1      | Reached skill level 1 in Translocations
   681 | D:1      | Reached skill level 1 in Fire Magic
   681 | D:1      | Reached skill level 1 in Ice Magic
   681 | D:1      | Reached skill level 1 in Air Magic
   681 | D:1      | Reached skill level 1 in Earth Magic
   681 | D:1      | Reached skill level 1 in Alchemy
  1190 | D:2      | Noticed Terence
  1210 | D:1      | Killed Terence
  1211 | D:1      | Reached skill level 4 in Fighting
  1211 | D:1      | Reached XP level 4. HP: 22/37 MP: 0/0
  1390 | D:2      | Identified the +10 dagger of Dunohof {flame, rElec rC+
                  | Int-4 Dex+3}
  1669 | D:2      | Found a faded altar of an unknown god.
  1878 | D:2      | Slain by a gnoll

Illustrated notes

Levels and vault maps discovered:
D:1:      scummos_arrival_simple_crosswalls, layout_basic
D:2:      layout_loops_cross, shapermc_ecumenical_altar_hornbeckon, uniq_terence

Skill      XL: |  1  2  3 |
---------------+----------+-----
Spellcasting   | 1 |  1.6
Conjurations   | 1 |  1.6
Hexes          | 1 |  1.6
Summonings     | 1 |  1.6
Necromancy     | 1 |  1.6
Translocations | 1 |  1.6
Fire Magic     | 1 |  1.6
Ice Magic      | 1 |  1.6
Air Magic      | 1 |  1.6
Earth Magic    | 1 |  1.6
Alchemy        | 1 |  1.6
Fighting       | 4 |  4.6
Short Blades   | |  2.6
Dodging        | |  3.2

Action                     |  1- 3 |  4- 6 || total
---------------------------+-------+-------++-------
  Melee: Short sword       |    93 |    36 ||   129
   Cast: Sting             |    10 |    22 ||    32
 Armour: Robe              |    47 |    35 ||    82
  Dodge: Dodged            |    75 |    45 ||   120
